 Dungeon Crawl Stone Soup version 0.14.1 (webtiles) character file.

179 Heini the Skirmisher (level 4, -2/41 HPs)
             Began as a Hill Orc Fighter on Apr 29, 2014.
             Slain by Sigmund
             ... wielding a +0,+0 scythe
              (11 damage)
             ... on Level 2 of the Dungeon.
             The game lasted 00:04:46 (1305 turns).

Heini the Skirmisher (Hill Orc Fighter)             Turns: 1305, Time: 00:04:46

HP  -2/41        AC  9     Str 24      XL: 4   Next: 40%
MP   4/4         EV  7     Int  8      God:
Gold 98          SH 19     Dex 10      Spells:  0 memorised,  3 levels left

rFire  . . .     SeeInvis .     a - +0 war axe
rCold  . . .     Clarity  .     b - +1 scale mail
rNeg   . . .     Conserve .     c - +0 shield
rPois  .         rCorr    .     (no helmet)
rElec  .         rRot     .     (no cloak)
SustAb . .       Spirit   .     p - +0 pair of gloves
rMut   .         Warding  .     (no boots)
Saprov + . .     Stasis   .     (no amulet)
MR     .....                    (no ring)
                                (no ring)

@: mighty, not resistant to hostile enchantments, extremely unstealthy
A: saprovore 1
a: no special abilities


You were on level 2 of the Dungeon.
You were not hungry.

You visited 1 branch of the dungeon, and saw 2 of its levels.

You collected 98 gold pieces.

Inventory:

Hand weapons
 a - a +0,+0 war axe (weapon)
Missiles
 v - 14 stones (quivered)
Armour
 b - a +1 scale mail (worn)
 c - a +0 shield (worn)
 p - a +0 pair of gloves (worn)
Magical devices
 t - a wand of confusion (12) {unknown}
Comestibles
 d - 2 meat rations
 i - 4 bread rations
 j - an apple
 s - a rotting chunk of giant gecko flesh
Scrolls
 g - a scroll of fear {unknown}
 n - a scroll of teleportation
 r - a scroll of remove curse
Jewellery
 h - a +4 ring of evasion {unknown}
 m - an uncursed ring of teleport control {unknown}
Potions
 f - 2 potions of agility
 k - 4 potions of curing {unknown}
 l - a potion of brilliance {unknown}
 o - a potion of confusion {unknown}
 q - a potion of restore abilities {unknown}
 u - 2 potions of haste {unknown}
 w - 2 potions of heal wounds {unknown}


   Skills:
 * Level 4.7 Fighting
 * Level 3.6 Axes
 * Level 4.3 Armour
 - Level 3.2 Shields


You had 3 spell levels left.
You didn't know any spells.

Dungeon Overview and Level Annotations

Branches:
Dungeon (2/15)

Altars:
Sif Muna

Annotations:
D:2 Sigmund


Innate Abilities, Weirdness & Mutations

You can tolerate rotten meat.


Message History

Sigmund casts a spell at you. You resist. You block Sigmund's attack.
Sigmund hits you with a scythe.
You smell something rotten. (slot s)
You closely miss Sigmund.
Sigmund casts a spell.
Sigmund flickers and vanishes!
Deactivating autopickup; reactivate with Ctrl-A.
You closely miss something. Something hits you!
You closely miss something. Something hits you!
You slash something!
You hear some strange, mumbled words.
The magic dart hits you!
You hit something.
You hear some strange, mumbled words.
The magic dart hits you!
* * * LOW HITPOINT WARNING * * *
You slash something! Something hits you!
You die...

. ############### ...
#.>..........#. ....
#............#.
.....#####...........<#.
#....................(...
#.......@................
#.....#####............#. ###
#.........)..##
#####.###.......## ##########
#.......#.......## #....#...#
#.......#.......## #....#...#
#.......###.#..###
#....#...#######.................
#................................


There were no monsters in sight!

Vanquished Creatures
  A gnoll (D:2)
  An adder (D:2)
  2 giant geckos
  4 giant cockroaches
  8 goblins
  6 hobgoblins
  2 jackals (D:1)
  10 bats
  8 giant newts (D:1)
  8 kobolds
  7 rats (D:1)
57 creatures vanquished.

Notes
Turn   | Place    | Note
--------------------------------------------------------------
     0 | D:1      | Heini, the Hill Orc Fighter, began the quest for the Orb.
     0 | D:1      | Reached XP level 1. HP: 19/19 MP: 1/1
    87 | D:1      | Reached XP level 2. HP: 21/27 MP: 2/2
    89 | D:1      | Reached skill level 4 in Fighting
   323 | D:1      | Reached XP level 3. HP: 33/33 MP: 3/3
   822 | D:2      | Found a deep blue altar of Sif Muna.
   838 | D:2      | Reached XP level 4. HP: 16/41 MP: 4/4
  1295 | D:2      | Noticed Sigmund
  1305 | D:2      | Slain by Sigmund

Action                   |  1- 3 |  4- 6 || total
-------------------------+-------+-------++-------
Melee: War axe           |   108 |    43 ||   151
  Use: Scroll            |     3 |     2 ||     5
       Potion            |       |     1 ||     1
